 Dungeon Crawl Stone Soup version 0.27-a0-1060-gcb85b5eba1 (webtiles) character file.

Game seed: 7064526091557040677

4102 kae the Ruffian (level 10, -6/99 (105) HPs)
             Began as a Naga Transmuter on Apr 21, 2021.
             Was an Initiate of Cheibriados.
             Mangled by a wight
             ... wielding a +5 war axe
              (16 damage)
             ... on level 8 of the Dungeon.
             The game lasted 00:07:42 (11335 turns).

kae the Ruffian (Naga Transmuter)                  Turns: 11335, Time: 00:07:42

HP:   -6/99 (105)   AC:  6    Str: 18    XL:     10   Next: 26%
MP:   14/17         EV: 12    Int: 14    God:    Cheibriados [......]
Gold: 276           SH:  0    Dex: 18    Spells: 6/19 levels left

rFire    x . .     SeeInvis +     - Unarmed
rCold    + + +     Faith    .   (shield currently unavailable)
rNeg     . . .     Spirit   .   (armour currently unavailable)
rPois    +         Reflect  .   (helmet currently unavailable)
rElec    .         Harm     .   (cloak currently unavailable)
rCorr    .         Rampage  .   (gloves currently unavailable)
Will     +....                  (no barding)
Stlth    ++........             (no amulet)
HPRegen  0.26/turn              e - ring of wizardry
MPRegen  0.15/turn              p - +6 ring of dexterity

@: ice-form, drained, very slow
A: freezing attack, amphibious, boosted hp, AC +3, large, see invisible,
(deformed body), (poison resistance), (slowness 2), spit poison 1, (naga tail 1)
a: Spit Poison, End Transformation, Renounce Religion, Bend Time


You were on level 8 of the Dungeon.
You worshipped Cheibriados.
Cheibriados was noncommittal.
You were a creature of crystalline ice.
You visited 2 branches of the dungeon, and saw 9 of its levels.

You collected 428 gold pieces.
You spent 152 gold pieces at shops.

Inventory:

Armour
 a - a +1 robe (melded)
 c - a +0 pair of gloves (melded)
 v - a +0 hat (melded)
Jewellery
 e - a ring of wizardry (left front paw)
 h - a ring of protection from cold
 p - a +6 ring of dexterity (right front paw)
Wands
 q - a wand of flame (15)
 t - a wand of acid (4)
 w - a wand of iceblast (13)
Scrolls
 b - a scroll of enchant weapon
 l - 3 scrolls of teleportation
 m - a scroll of fog
 o - 2 scrolls of holy word
 s - a scroll of enchant armour
Potions
 d - a potion of lignification
 f - a potion of brilliance
 g - 2 potions of curing
 i - a potion of mutation
 j - a potion of flight
 k - a potion of haste
 n - 2 potions of degeneration
 r - 2 potions of might {unknown}
 u - a potion of ambrosia {unknown}


   Skills:
 + Level 5.3 Fighting
 + Level 4.3 Dodging
 * Level 7.7 Unarmed Combat
 + Level 5.0 Spellcasting
 * Level 7.3 Transmutations
 - Level 5.0 Ice Magic
 - Level 3.0 Poison Magic


You had 6 spell levels left.
You knew the following spells:

 Your Spells              Type           Power      Damage    Failure   Level
a - Beastly Appendage     Tmut           48%        N/A       1%          1
b - Spider Form           Tmut/Pois      9%         N/A       2%          3
c - Ice Form              Ice/Tmut       20%        N/A       6%          4
d - Hydra Form            Tmut           12%        N/A       10%         5

Your spell library contained the following spells:

 Spells                   Type           Power      Damage    Failure   Level
 Wereblood                Tmut           24%        N/A       1%          2


Dungeon Overview and Level Annotations

Branches:
Dungeon (8/15)             Temple (1/1) D:6
   Lair: D:8-11

Altars:
Ashenzari
Cheibriados
Dithmenos
Elyvilon
Gozag
Hepliaklqana
Makhleb
Nemelex Xobeh
Okawaru
Qazlal
Ru
Sif Muna
Uskayaw
Vehumet
Wu Jian
Xom
Yredelemnul
Zin
The Shining One

Shops:
D:1 *   D:5 !   D:7 [

Annotations:
D:3 1 runed translucent door, Crazy Yiuf


Innate Abilities, Weirdness & Mutations

You are a creature of crystalline ice.
You have a powerful freezing melee attack.
You are amphibious.
Your maximum health is increased.
Your armour is entirely melded.
You are incapable of wielding weapons or throwing items.
((Your serpentine skin is tough. (AC +3)))
You have supernaturally acute eyesight. (SInv)
((Armour fits poorly on your strangely shaped body.))
((Your system is resistant to poisons. (rPois)))
((You cover ground very slowly.))
You can spit poison.
((You have a snake-like lower body.))


Message History

You pummel the wight!!
You destroy the wight!
Cheibriados thoroughly appreciates the change of pace.
The wight misses you.
Your Spellcasting skill increases to level 5!
You barely miss the wight. The wight hits you with a +0 flail.
You feel drained.
You completely miss the wight. The wight hits you with a +5 war axe.
You hit the wight.
The wight is lightly damaged.
The wight hits you with a +0 flail! The wight hits you with a +5 war axe.
You feel drained.
You are too injured to fight recklessly!
You are too injured to fight recklessly!
You are too injured to fight recklessly!
You are too injured to fight recklessly!
You are too injured to fight recklessly!
You are too injured to fight recklessly!
You barely miss the wight.
The wight is lightly damaged.
The wight hits you with a +0 flail! The wight hits you with a +5 war axe!
You punch the wight!
The wight is almost destroyed.
The wight barely misses you.
You hit the wight but do no damage. The wight hits you with a +5 war axe.
You feel drained.
The wight hits you from afar with a +2 trident of freezing!
* * * LOW HITPOINT WARNING * * *
The wight closely misses you.
You hit the wight.
The wight is lightly damaged.
The wight hits you with a +5 war axe!
* * * LOW HITPOINT WARNING * * *
The wight hits you from afar with a +2 trident of freezing.
* * * LOW HITPOINT WARNING * * *
The wight barely misses you.
You hit the wight but do no damage.
The wight is almost destroyed.
The wight hits you with a +5 war axe!
You die...

#########
#######.....<.#
..............#
####.##.##.>..####
#...............#
#..#.##....##...#
#Y.#.##.##.##...##
.....zzz.#.>.......[....
..#####.##.##...###...#
#.##)####.##....#
.#........#.#...## .
.#.####..##..... .. .
.####.#<##..# ..
..............#
#####.###.#.#


You could see 3 wights.

Vanquished Creatures
  Gastronok (D:8)
  Sigmund (D:2)
  A steam dragon (D:6)
  Menkaure (D:7)
  A water moccasin (D:6)
  2 black bears
  A sky beast (D:5)
  2 orc warriors (D:6)
  An ogre (D:7)
  2 centaurs
  2 bullfrogs
  2 scorpions
  A gnoll sergeant (D:6)
  4 wights
  2 centaur zombies
  2 bullfrog zombies (D:6)
  2 hounds
  2 jellies
  5 orc priests
  A centaur skeleton (D:7)
  Jessica (D:3)
  3 orc wizards
  A hound skeleton (D:5)
  A howler monkey zombie (D:3)
  Robin (D:3)
  6 gnolls (D:6)
  7 adders
  A shadow imp (D:6)
  A white imp (D:8)
  An ufetubus (D:4)
  An adder skeleton (D:5)
  A worm (D:2)
  2 dart slugs
  27 orcs
  4 bats
  5 endoplasms
  2 giant cockroaches
  10 hobgoblins
  4 jackals
  4 quokkas
  9 ball pythons
  5 frilled lizards
  8 goblins
  7 kobolds
  3 rats
151 creatures vanquished.

Notes
Turn   | Place    | Note
-------+----------+-------------------------------------------
     0 | D:1      | kae the Naga Transmuter began the quest for the Orb.
     0 | D:1      | Reached XP level 1. HP: 18/18 MP: 3/3
   389 | D:1      | Found Faseit's Assorted Antiques.
   805 | D:1      | Found a faded altar of an unknown god.
  1120 | D:1      | Reached XP level 2. HP: 21/25 MP: 3/5
  1580 | D:2      | Reached XP level 3. HP: 31/31 MP: 6/6
  1584 | D:2      | Learned a level 3 spell: Spider Form
  1808 | D:2      | Noticed Sigmund
  1818 | D:2      | Killed Sigmund
  1819 | D:2      | Reached XP level 4. HP: 31/39 MP: 3/7
  1819 | D:2      | Reached XP level 5. HP: 35/45 MP: 3/8
  2922 | D:3      | Noticed Jessica
  2926 | D:3      | Killed Jessica
  2940 | D:3      | Reached XP level 6. HP: 48/52 MP: 6/9
  3699 | D:3      | Identified the +0 helmet of Laufig {rC+}
  3699 | D:3      | Noticed Robin
  3706 | D:3      | Killed Robin
  4031 | D:3      | Found a white marble altar of Elyvilon.
  4377 | D:3      | Found a runed translucent door.
  4378 | D:3      | Noticed Crazy Yiuf
  4832 | D:3      | Reached XP level 7. HP: 14/61 MP: 8/11
  5707 | D:4      | Identified the +12 arbalest "Eqedwux" {penet, rF+++ rN++
                  | Int-2 Dex+3}
  5828 | D:4      | Identified the +6 falchion of Moral Flaws {holy, Str+5}
  5979 | D:5      | Entered Level 5 of the Dungeon
  6111 | D:5      | Learned a level 4 spell: Ice Form
  6310 | D:5      | Found Izoeni's Distillery.
  6314 | D:5      | Bought a potion of lignification for 39 gold pieces
  6314 | D:5      | Bought a potion of degeneration for 13 gold pieces
  6359 | D:5      | Reached skill level 5 in Unarmed Combat
  6503 | D:5      | Reached skill level 1 in Ice Magic
  6697 | D:5      | Found an opulent altar of Gozag.
  6844 | D:5      | Reached XP level 8. HP: 55/69 MP: 9/13
  7126 | D:5      | Reached skill level 5 in Transmutations
  7459 | D:1      | Bought 2 scrolls labelled MADDYMM PEISUNG for 50 gold
                  | pieces
  7459 | D:1      | Bought a scroll labelled VONKEU EMATI for 25 gold pieces
  7459 | D:1      | Bought a scroll labelled MADDYMM PEISUNG for 25 gold pieces
  8911 | D:6      | Reached XP level 9. HP: 60/78 MP: 10/15
  9369 | D:6      | Found a staircase to the Ecumenical Temple.
  9544 | Temple   | Entered the Ecumenical Temple
  9605 | Temple   | Became a worshipper of Cheibriados the Contemplative
  9924 | D:7      | Found a broken altar of Ashenzari.
 10068 | D:7      | Found Muwykerch's Antique Armour Boutique.
 10210 | D:7      | Noticed Menkaure
 10220 | D:7      | Killed Menkaure
 10820 | D:8      | Noticed Gastronok
 10832 | D:7      | Learned a level 5 spell: Hydra Form
 10955 | D:8      | HP: 1/101 [Gastronok (22)]
 10956 | D:8      | Killed Gastronok
 10957 | D:8      | Reached skill level 5 in Fighting
 10957 | D:8      | Reached skill level 5 in Ice Magic
 10957 | D:8      | Reached XP level 10. HP: 28/88 MP: 14/17
 11328 | D:8      | Reached skill level 5 in Spellcasting
 11335 | D:8      | Mangled by a wight

Illustrated notes

Levels and vault maps discovered:
D:1:      lightli_arrival_chessboard, layout_basic, serial_shops, shop,
          ebering_ecumenical_altar_sacrificial, nrook_loot_triangle
D:2:      layout_basic, minmay_octomino_j4, uniq_sigmund
D:3:      layout_loops_corners, nicolae_overflow_crystal_walls,
          uniq_crazy_yiuf_cottage, uniq_jessica, uniq_robin
D:4:      layout_layer_cave
D:5:      layout_loops_ring, kennysheep_mini_moat,
          nicolae_overflow_hidden_temple, serial_shops, shop,
          saegor_snake_ambush
D:6:      minmay_inner_zag, layout_cave_pools, minmay_temple_entry_grid
D:7:      layout_rooms, general_overflow_altar, serial_shops,
          kennysheep_little_box, uniq_menkaure
D:8:      layout_loops_ring, lair_entry_dummy, uniq_gastronok
Temple:   nicolae_temple_x_marks_the_god

Skill      XL: |  1  2  3  4  5  6  7  8  9 10 |
---------------+-------------------------------+-----
Fighting       | 2 3 5 |  5.3
Dodging        | 2 3 4 |  4.3
Unarmed Combat | 4 5 6 7 |  7.7
Transmutations | 3 4 5 7 |  7.3
Poison Magic   | 2 3 |  3.0
Spellcasting   | 3 4 5 |  5.0
Ice Magic      | 1 3 5 |  5.0

Action                   |  1- 3 |  4- 6 |  7- 9 | 10-12 || total
-------------------------+-------+-------+-------+-------++-------
Melee: Unarmed           |    52 |   116 |   226 |    13 ||   407
       Headbutt          |     6 |     2 |       |       ||     8
       Punch             |       |       |     4 |       ||     4
 Cast: Beastly Appendage |    14 |     7 |     1 |       ||    22
       Spider Form       |     1 |    25 |    25 |       ||    51
       Ice Form          |       |       |    16 |     2 ||    18
       Hydra Form        |       |       |     1 |       ||     1
 Abil: Spit Poison       |    18 |    27 |    25 |       ||    70
  Use: Scroll            |       |     5 |     7 |       ||    12
       Potion            |       |     2 |     1 |       ||     3
 Stab: Sleeping          |       |       |     1 |       ||     1
Armor: Robe              |    15 |     5 |     8 |       ||    28
       Skin              |       |     5 |    70 |       ||    75
Dodge: Dodged            |    42 |    99 |   186 |     8 ||   335

Table legend: (Time is in decaauts)
 A = Elapsed time spent in this place.
 B = Non-inter-level travel time spent in this place.
 C = Inter-level travel time spent in this place.
 D = Time resting spent in this place.
 E = Time spent auto-exploring this place.
 F = Levels seen in this place.
 G = Mean time per level.
                   A        B        C        D        E       F      G
               +--------+--------+--------+--------+--------+-----+--------+
         Total |  13410 |  12827 |    583 |   1302 |  10313 |   9 | 1490.0 |
       Dungeon |  13318 |  12755 |    563 |   1302 |  10243 |   8 | 1664.8 |
        Temple |     91 |     72 |     19 |      0 |     70 |   1 |   91.0 |
               +--------+--------+--------+--------+--------+-----+--------+

Top non-repeatable levels by time:
     D:3: 2528 daAuts
     D:6: 1989 daAuts
     D:5: 1935 daAuts
     D:2: 1913 daAuts
     D:1: 1893 daAuts
     D:7: 1582 daAuts
     D:4: 1109 daAuts
     D:8: 366 daAuts
  Temple: 91 daAuts
